 Dungeon Crawl Stone Soup version 0.31.0-11-ge490571c62 (webtiles) character file.

Game seed: 13968616760776755826

113 qw the Skirmisher (level 4, -7/37 HPs)
             Began as a Deep Elf Hunter on Feb 3, 2024.
             Mangled by Sigmund
             ... wielding a +0 scythe
              (9 damage)
             ... on level 3 of the Dungeon.
             The game lasted 00:00:06 (1583 turns).

qw the Skirmisher (Deep Elf Hunter)                 Turns: 1583, Time: 00:00:07

Health: -7/37      AC: 22    Str: 10    XL:     4   Next: 65%
Magic:  6/6        EV:  2    Int: 14    God:
Gold:   70         SH:  0    Dex: 18    Spells: 3/3 levels left

rFire   . . .        a - +1 shortbow
rCold   . . .        (shield currently unavailable)
rNeg    . . .        i - melded +0 ring mail
rPois   +            d - melded +1 helmet
rElec   .            (cloak currently unavailable)
rCorr   .            j - melded +0 pair of gloves
SInv    .            (boots currently unavailable)
Will    .....        (no amulet)
Stlth   ++           (no ring)
HPRegen 0.26/turn    (no ring)
MPRegen 0.10/turn

%: no passive effects
@: tree-form
A: stationary, stasis, torment immunity, boosted hp
a: no special abilities


You were on level 3 of the Dungeon.
You were a tree.
You visited 1 branch of the dungeon, and saw 3 of its levels.

You collected 70 gold pieces.


   Skills:
 - Level 1.5 Fighting
 + Level 8.1 Ranged Weapons
 - Level 2.4 Dodging
 - Level 1.2 Stealth


You had 3 spell levels left.
You didn't know any spells.
Your spell library was empty.

Inventory:

Hand Weapons
 a - a +1 shortbow (weapon)
Armour
 d - a +1 helmet (melded)
 i - a +0 ring mail (melded)
 j - a +0 pair of gloves (melded)
Scrolls
 b - a scroll of identify {unknown}
Potions
 e - a potion of attraction {unknown}
 g - a potion of curing {unknown}

Dungeon Overview and Level Annotations

Branches:
Dungeon (3/15)

Altars:

Annotations:
D:3 Sigmund


Message History

You swing at nothing.
You swing at nothing.
Something barely misses you.
You swing at nothing.
Something hits you.
You swing at nothing.
You swing at nothing.
Something barely misses you.
You swing at nothing.
You swing at nothing.
Something hits you but does no damage.
You swing at nothing.
You stop sporulating.
Your +1 shortbow unmelds from your body.
Your +1 helmet unmelds from your body.
Your +0 pair of gloves unmelds from your body.
Your +0 ring mail unmelds from your body.
Something hits you.
You shoot an arrow. Something hits you but does no damage.
You shoot an arrow. You shoot an arrow. Something hits you.
You shoot an arrow.
You hear a zap.
You turn into a tree.
Your +1 helmet melds into your body.
Your +0 pair of gloves melds into your body.
Your +0 ring mail melds into your body.
Your roots penetrate the ground.
You shoot an arrow.
You hear some strange, mumbled words.
A puff of flame appears from out of thin air!
The puff of flame hits you.
You shoot an arrow. Something hits you.
You shoot an arrow. Something hits you but does no damage.
You shoot an arrow. You shoot an arrow. Something hits you!
You die...

#.......#
#......##
#......#
#......#
#####......#
....$.......#
#..#..##.####
#.....##.#
.>##..7.# .
#{#### .. ##


There were no monsters in sight!

Vanquished Creatures
  3 gnolls (D:2)
  2 adders (D:2)
  A dart slug (D:2)
  A ribbon worm (D:3)
  5 orcs
  2 ball pythons
  6 endoplasms
  4 giant cockroaches
  7 goblins
  9 hobgoblins
  2 quokkas
  4 bats
  A frilled lizard (D:1)
  2 kobolds
  3 rats
52 creatures vanquished.

Notes
Turn   | Place    | Note
-------+----------+-------------------------------------------
     0 | D:1      | qw the Deep Elf Hunter began the quest for the Orb.
     0 | D:1      | Reached XP level 1. HP: 12/12 MP: 3/3
     0 | D:1      | 0 ||| qw: Version: 0.3-a-158-g18b3111
     0 | D:1      | 0 ||| qw: Game counter: 4243
     0 | D:1      | 0 ||| qw: Melee chars always use a shield: true
     0 | D:1      | 0 ||| qw: God list: Okawaru
     0 | D:1      | 0 ||| qw: Allow faded altars: false
     0 | D:1      | 0 ||| qw: Do Orc after clearing Dungeon:15 true
     0 | D:1      | 0 ||| qw: Do second Lair branch before Depths: true
     0 | D:1      | 0 ||| qw: Lair rune preference: random
     0 | D:1      | 0 ||| qw: Goals: Normal
     0 | D:1      | 0 ||| PLANNING D:1-11
   189 | D:1      | Reached skill level 6 in Ranged Weapons
   189 | D:1      | Reached XP level 2. HP: 16/16 MP: 4/4
   374 | D:1      | Found a faded altar of an unknown god.
   882 | D:1      | 882 ||| UPGRADING to +1 helmet.
   887 | D:1      | 887 ||| UPGRADING to +0 ring mail.
   897 | D:1      | 897 ||| DROPPING +0 leather armour.
   898 | D:1      | 898 ||| READING scroll labelled SAYCHI ZIWA.
   899 | D:1      | 899 ||| READING scroll labelled QEOCVA EHUSHE.
   900 | D:1      | 900 ||| DRINKING 2 coppery potions.
   901 | D:1      | 901 ||| DROPPING scroll of butterflies.
   902 | D:1      | 902 ||| DROPPING potion of degeneration.
   965 | D:2      | Reached XP level 3. HP: 20/20 MP: 5/5
  1006 | D:2      | Reached skill level 7 in Ranged Weapons
  1108 | D:2      | 1108 ||| RETREEEEATING.
  1116 | D:2      | Reached XP level 4. HP: 18/25 MP: 6/6
  1440 | D:2      | 1440 ||| UPGRADING to +0 pair of gloves.
  1445 | D:2      | 1445 ||| READING scroll labelled SATI PUIPUFO.
  1446 | D:2      | 1446 ||| READING scroll labelled TEOB DOURYWU.
  1447 | D:2      | 1447 ||| READING scroll labelled BEPORUSOF WATO.
  1447 | D:2      | 1447 ||| ENCHANTING +0 shortbow.
  1470 | D:3      | Reached skill level 8 in Ranged Weapons
  1550 | D:3      | Noticed Sigmund
  1553 | D:3      | 1553 ||| DRINKING pink potion.
  1577 | D:3      | HP: 4/25 [something (4)]
  1580 | D:3      | HP: 1/37 [something (5)]
  1583 | D:3      | Mangled by Sigmund

Levels and vault maps discovered:
D:1:      shiori_arrival_maze, layout_basic,
          shapermc_ecumenical_altar_totnotflames, minmay_misc_feat_tiny
D:2:      layout_rooms
D:3:      layout_basic, chequers_serial_rivers_micro_a, uniq_sigmund

Skill      XL: |  1  2  3  4 |
---------------+-------------+-----
Ranged Weapons | 6 7 8 |  8.1
Fighting       | |  1.5
Dodging        | |  2.4
Stealth        | |  1.2

Action                     |  1- 3 |  4- 6 || total
---------------------------+-------+-------++-------
   Fire: Shortbow          |   100 |    93 ||   193
    Use: Scroll            |     2 |     3 ||     5
         Potion            |     1 |     1 ||     2
 Armour: Leather armour    |     3 |       ||     3
         Ring mail         |    12 |    24 ||    36
         Skin              |       |     9 ||     9
  Dodge: Dodged            |    11 |    30 ||    41

Table legend:
 A = Non-vault XP
 B = Vault XP
 C = Vault XP percentage of total XP
 D = Non-vault monster count
 E = Vault monster count
 F = Vault count percentage of total count
                 A         B        C        D         E       F
            +---------+---------+-------+---------+---------+-------
      Total |     158 |       4 |   2.5 |      50 |       2 |   3.8
            +---------+---------+-------+---------+---------+-------
        D:1 |      36 |       4 |  10.0 |      20 |       2 |   9.1
        D:2 |     109 |       0 |   0.0 |      25 |       0 |   0.0
        D:3 |      13 |       0 |   0.0 |       5 |       0 |   0.0
            +---------+---------+-------+---------+---------+-------
